 Dungeon Crawl Stone Soup version 0.30-a0-1161-g0704695555 (webtiles) character file.

Game seed: 6896105175754242673

1941 Armakuni the Prestidigitator (level 9, -1/68 HPs)
             Began as a Human Artificer on Apr 28, 2023.
             Slain by a vampire mosquito (5 damage)
             ... on level 7 of the Dungeon.
             The game lasted 00:17:53 (6205 turns).

Armakuni the Prestidigitator (Human Artificer)      Turns: 6205, Time: 00:17:54

Health: -1/68      AC:  8    Str: 17    XL:     9   Next: 41%
Magic:  9/9        EV: 11    Int: 15    God:
Gold:   318        SH:  0    Dex: 12    Spells: 8/8 levels left

rFire   + + .        a - +2 whip (elec)
rCold   . . .        (no shield)
rNeg    . . .        h - +1 ring mail
rPois   .            q - +2 hat
rElec   .            (no cloak)
rCorr   .            (no gloves)
SInv    +            (no boots)
Will    .....        (no amulet)
Stlth   +            F - ring "Eghiliole" {rF+ Int+4 Dex-2 SInv}
HPRegen 0.31/turn    I - ring "Utoinuul" {rF+ SInv}
MPRegen 0.11/turn

%: no passive effects
@: no status effects
A: no striking features
a: no special abilities


You were on level 7 of the Dungeon.
You visited 2 branches of the dungeon, and saw 8 of its levels.

You collected 318 gold pieces.

Inventory:

Hand Weapons
 a - a +2 whip of electrocution (weapon)
 t - a +0 flail of protection
Armour
 h - a +1 ring mail (worn)
 p - a scarf of harm
 q - a +2 hat (worn)
Magical Staves
 b - a staff of earth
Jewellery
 d - an amulet of magic regeneration
 F - the ring "Eghiliole" (left hand) {rF+ Int+4 Dex-2 SInv}
   (You found it on level 2 of the Dungeon)

   [ring of see invisible]

   Int:       It affects your intelligence (+4).
   Dex:       It affects your dexterity (-2).
   rF:        It protects you from fire.
   SInv:      It lets you see invisible.
 I - the ring "Utoinuul" (right hand) {rF+ SInv}
   (You found it on level 4 of the Dungeon)

   [ring of see invisible]

   rF:        It protects you from fire.
   SInv:      It lets you see invisible.
Wands
 c - a wand of charming (16)
Scrolls
 g - 3 scrolls of enchant armour
 i - 3 scrolls of blinking
 l - a scroll of immolation
 n - 4 scrolls of teleportation
 s - a scroll of amnesia
 u - 2 scrolls of identify
Potions
 e - a potion of ambrosia
 f - 2 potions of haste
 j - a potion of flight
 k - 3 potions of curing
 m - a potion of might {unknown}
 o - 2 potions of lignification
 r - 2 potions of heal wounds {unknown}


   Skills:
 - Level 5.0 Fighting
 - Level 2.0(3.7) Maces & Flails
 - Level 5.0(5.2) Staves
 - Level 2.0 Armour
 - Level 2.0 Dodging
 - Level 1.0 Stealth
 + Level 9.2 Evocations


You had 8 spell levels left.
You didn't know any spells.
Your spell library was empty.

Dungeon Overview and Level Annotations

Branches:
Dungeon (7/15)             Temple (1/1) D:6

Altars:
Ashenzari
Cheibriados
Dithmenos
Elyvilon
Fedhas
Hepliaklqana
Kikubaaqudgha
Makhleb
Nemelex Xobeh
Okawaru
Qazlal
Trog
Uskayaw
Vehumet
Wu Jian
Xom
Yredelemnul
Zin
The Shining One

Annotations:
D:3 3 runed translucent doors, Ge0ff's ghost, amateur DgAr; aMcNicky's ghost, amateur MeFi; qborf's ghost, amateur FoVM


Message History

The vampire mosquito draws strength from your injuries!
You miss the vampire mosquito.
The vampire mosquito is lightly damaged.
You hear the faint creaking of a very distant portcullis.
The vampire mosquito bites you.
* * * LOW HITPOINT WARNING * * *
The vampire mosquito draws strength from your injuries!
You whack the vampire mosquito!
The vampire mosquito is moderately damaged.
The vampire mosquito bites you but does no damage. x2
You miss the vampire mosquito.
The vampire mosquito is moderately damaged.
The vampire mosquito misses you. The vampire mosquito bites you.
* * * LOW HITPOINT WARNING * * *
The vampire mosquito draws strength from your injuries!
You closely miss the vampire mosquito.
The vampire mosquito is lightly damaged.
The vampire mosquito barely misses you. The vampire mosquito bites you.
* * * LOW HITPOINT WARNING * * *
The vampire mosquito draws strength from your injuries!
You barely miss the vampire mosquito.
The vampire mosquito is lightly damaged.
The vampire mosquito completely misses you.
The vampire mosquito bites you but does no damage.
You miss the vampire mosquito.
The vampire mosquito is lightly damaged.
The vampire mosquito barely misses you.
You completely miss the vampire mosquito.
The vampire mosquito is lightly damaged.
The vampire mosquito bites you but does no damage.
The vampire mosquito bites you.
* * * LOW HITPOINT WARNING * * *
The vampire mosquito draws strength from your injuries!
You hit the vampire mosquito.
The vampire mosquito is lightly damaged.
The vampire mosquito bites you.
* * * LOW HITPOINT WARNING * * *
The vampire mosquito draws strength from your injuries!
The vampire mosquito bites you.
You die...

#..# ..≈......
##..####).≈.§≈≈§§.≈..
....##)..≈.§§..≈.≈..
#..#..#.≈..._.≈.≈..
#..)..#.≈.≈.§.≈.≈..
#<).....≈.§≈§≈≈.≈..
#...#....≈.§§§...≈..
#...##.#.≈≈≈≈≈.≈≈≈.#
.....####.†.y@......#
...##..#
#..........## ..##
#... ##..#.....## .
#... #####...## #....
##.# ##


You could see a vampire mosquito.

Vanquished Creatures
  Pikel (D:3)
  A vampire mosquito (D:7)
  Edmund (D:4)
  2 black bears (D:5)
  2 ogres (D:4)
  2 lemures (D:3)
  A bullfrog (D:6)
  3 electric eels (D:6)
  A crimson imp (D:5)
  A hound (D:5)
  A jelly (D:5)
  An iguana (D:6)
  Natasha (thrice) (D:3)
  9 adders
  11 gnolls
  A white imp (D:6)
  4 worms
  3 dart slugs
  7 orcs
  3 bats
  10 endoplasms
  5 giant cockroaches
  9 hobgoblins
  3 jackals (D:4)
  9 kobolds
  2 quokkas
  3 ball pythons
  2 frilled lizards
  12 goblins
  4 rats
117 creatures vanquished.

Vanquished Creatures (collateral kills)
  A vampire mosquito (D:7)
  2 orc priests
  An orc wizard (D:7)
  3 orcs
7 creatures vanquished.

Vanquished Creatures (others)
  A lemure (D:3)
  An electric eel (D:6)
  An adder (D:4)
  3 fungi (D:1)
  6 plants (D:6)
12 creatures vanquished.

Grand Total: 136 creatures vanquished

Notes
Turn   | Place    | Note
-------+----------+-------------------------------------------
     0 | D:1      | Armakuni the Human Artificer began the quest for the Orb.
     0 | D:1      | Reached XP level 1. HP: 15/15 MP: 1/1
    74 | D:1      | Reached XP level 2. HP: 16/21 MP: 2/2
   119 | D:1      | Reached skill level 1 in Maces & Flails
   412 | D:1      | Found a faded altar of an unknown god.
   485 | D:1      | Reached XP level 3. HP: 23/27 MP: 3/3
  1057 | D:2      | Identified the ring "Eghiliole" {rF+ Int+4 Dex-2 SInv}
  1322 | D:2      | Reached XP level 4. HP: 33/33 MP: 4/4
  1716 | D:2      | Identified the +11 hand axe of Goffus {flame, rElec rF+
                  | Int-5}
  2119 | D:3      | Reached XP level 5. HP: 34/38 MP: 5/5
  2144 | D:3      | Reached skill level 4 in Evocations
  2214 | D:3      | Found a runed translucent gate.
  2214 | D:3      | Found a runed translucent gate.
  2214 | D:3      | Found a runed translucent gate.
  2215 | D:3      | Noticed qborf's ghost (amateur FoVM)
  2216 | D:3      | Noticed aMcNicky's ghost (amateur MeFi)
  2216 | D:3      | Noticed Ge0ff's ghost (amateur DgAr)
  2285 | D:3      | Noticed Natasha
  2296 | D:3      | Killed Natasha
  2310 | D:3      | Noticed Natasha
  2313 | D:3      | Killed Natasha
  2313 | D:3      | Noticed Natasha
  2318 | D:3      | Killed Natasha
  2319 | D:3      | Reached skill level 5 in Evocations
  2344 | D:3      | Reached XP level 6. HP: 36/44 MP: 6/6
  2489 | D:3      | Found a white marble altar of Elyvilon.
  2709 | D:4      | Noticed an ogre
  2790 | D:3      | HP: 1/46 [lemure[Pikel] (6)]
  3110 | D:4      | Killed an ogre
  3126 | D:4      | Identified the ring "Utoinuul" {rF+ SInv}
  3139 | D:4      | Noticed Edmund
  3164 | D:4      | Killed Edmund
  3165 | D:4      | Reached XP level 7. HP: 30/55 MP: 7/7
  3252 | D:4      | Noticed Pikel
  3276 | D:3      | Killed Pikel
  3277 | D:3      | Reached skill level 5 in Fighting
  3277 | D:3      | Reached skill level 5 in Staves
  3277 | D:3      | Reached XP level 8. HP: 41/62 MP: 8/8
  3556 | D:4      | Reached skill level 6 in Evocations
  3712 | D:4      | Found an ornate altar of the Wu Jian Council.
  3769 | D:5      | Entered Level 5 of the Dungeon
  3815 | D:5      | Found a glowing silver altar of Zin.
  4046 | D:5      | Found a burning altar of Makhleb.
  4046 | D:5      | Found a shimmering altar of Xom.
  4048 | D:5      | Reached skill level 7 in Evocations
  4308 | D:5      | Reached XP level 9. HP: 55/68 MP: 9/9
  5042 | D:6      | Found a staircase to the Ecumenical Temple.
  5124 | D:6      | Found a radiant altar of Vehumet.
  5142 | Temple   | Entered the Ecumenical Temple
  5394 | D:6      | Reached skill level 8 in Evocations
  6173 | D:7      | Found a blossoming altar of Fedhas.
  6181 | D:7      | Reached skill level 9 in Evocations
  6205 | D:7      | Slain by a vampire mosquito

Illustrated notes

Levels and vault maps discovered:
D:1:      nicolae_arrival_washed_ashore, layout_loops_ring,
          shapermc_ecumenical_altar_mp_urbaneastern
D:2:      layout_basic
D:3:      layout_rooms, elyvilon_altar_5, gammafunk_ghost_cemetery, uniq_natasha
D:4:      layout_rooms, mainiacjoe_overflow_surrounded_room, uniq_edmund,
          uniq_pikel
D:5:      layout_basic, grunt_temple_overflow_champion_of_chaos,
          general_overflow_altar
D:6:      layout_loops_ring, nicolae_vehumet_radiance, temple_fountains,
          serial_bayou_lagoon_b
D:7:      layout_cave_pools, mainiacjoe_overflow_concentric_impassable,
          nicolae_ru_great_annihilating_truth, enter_bailey_2, serial_undead,
          serial_undead_f, serial_undead_a, serial_undead_f, serial_undead_e,
          serial_undead_b, serial_undead_b, serial_undead_a, serial_undead_e,
          serial_undead_b, serial_undead_d, serial_shops,
          nicolae_shop_rolling_square, nicolae_stop_n_shop_1,
          minmay_misc_feat_more_columns
Temple:   chequers_temple_sunken

Skill      XL: |  1  2  3  4  5  6  7  8  9 |
---------------+----------------------------+-----
Maces & Flails | 1 2 |  2.0
Fighting       | 2 4 5 |  5.0
Dodging        | 2 |  2.0
Evocations     | 5 7 9 |  9.2
Staves         | 5 |  5.0
Armour         | |  2.0
Stealth        | |  1.0

Action                     |  1- 3 |  4- 6 |  7- 9 || total
---------------------------+-------+-------+-------++-------
  Melee: Club              |    61 |       |       ||    61
         Punch             |     5 |     2 |     1 ||     8
         Mace              |    69 |   155 |       ||   224
         Flail             |       |       |   107 ||   107
         Whip              |       |       |    97 ||    97
         Staff             |       |       |     1 ||     1
  Evoke: Wand              |    10 |    17 |    13 ||    40
    Use: Scroll            |     7 |     4 |     5 ||    16
   Stab: Sleeping          |     1 |       |       ||     1
         Invisible         |       |     1 |     3 ||     4
 Armour: Leather armour    |    34 |       |       ||    34
         Ring mail         |    25 |    57 |    89 ||   171
  Dodge: Dodged            |    66 |    93 |   131 ||   290

Table legend: (Time is in decaauts)
 A = Elapsed time spent in this place.
 B = Non-inter-level travel time spent in this place.
 C = Inter-level travel time spent in this place.
 D = Time resting spent in this place.
 E = Time spent auto-exploring this place.
 F = Levels seen in this place.
 G = Mean time per level.
                   A        B        C        D        E       F      G
               +--------+--------+--------+--------+--------+-----+--------+
         Total |   6367 |   6263 |    104 |   1259 |   3325 |   8 |  795.9 |
       Dungeon |   6138 |   6034 |    104 |   1259 |   3123 |   7 |  876.9 |
        Temple |    229 |    229 |      0 |      0 |    201 |   1 |  229.0 |
               +--------+--------+--------+--------+--------+-----+--------+

Top non-repeatable levels by time:
     D:6: 1338 daAuts
     D:3: 1177 daAuts
     D:2: 1083 daAuts
     D:1: 979 daAuts
     D:5: 875 daAuts
     D:4: 628 daAuts
  Temple: 229 daAuts
     D:7: 55 daAuts
